 Dungeon Crawl Stone Soup version 0.25-a0-834-g55863b0b92 (webtiles) character file.

Game seed: 7426471466939057179, levelgen mode: deterministic

1342 Nixze the Slasher (level 8, -5/65 HPs)
             Began as a Formicid Fighter on Apr 22, 2020.
             Was a Follower of Qazlal.
             Killed by divine providence
             ... invoked by an orc priest
              (15 damage)
             ... on level 6 of the Dungeon.
             The game lasted 00:10:51 (5124 turns).

Nixze the Slasher (Formicid Fighter)                Turns: 5124, Time: 00:10:51

Health: -5/65      AC: 11    Str: 22    XL:     8   Next: 93%
Magic:  9/9        EV:  5    Int:  9    God:    Qazlal [*.....]
Gold:   270        SH: 21    Dex: 10    Spells: 7/7 levels left

rFire    . . .     SeeInvis +   a - +0 long sword
rCold    . . .     Gourm    .   j - +0 tower shield
rNeg     . . .     Faith    .   k - +0 chain mail
rPois    +         Spirit   .   (helmet unavailable)
rElec    .         Reflect  +   y - +1 cloak {rPois}
rCorr    .         Harm     .   (no gloves)
MR       .....                  (no boots)
Stlth    ..........             h - +3 amulet of reflection
HPRegen  0.20/turn              (no ring)
MPRegen  0.11/turn              (no ring)

@: no status effects
A: permanent stasis, dig shafts and tunnels, four strong arms, antennae 3
a: Dig, Shaft Self, Renounce Religion


You were on level 6 of the Dungeon.
You worshipped Qazlal.
Qazlal was aware of your devotion.
You were hungry.

You visited 1 branch of the dungeon, and saw 6 of its levels.

You collected 270 gold pieces.

Inventory:

Hand Weapons
 a - a +0 long sword (weapon)
Missiles
 q - 11 boomerangs (quivered)
 D - 4 datura-tipped darts
Armour
 j - a +0 tower shield (worn)
 k - a +0 chain mail (worn)
 y - a +1 cloak of poison resistance (worn)
 C - the +3 robe of the Three Cities {rF+ rC+}
   (You found it on level 5 of the Dungeon)

   It protects you from fire.
   It protects you from cold.
Jewellery
 h - a +3 amulet of reflection (around neck)
 A - an uncursed amulet of guardian spirit {unknown}
Wands
 d - a wand of random effects (26)
Scrolls
 e - 8 scrolls of identify {unknown}
 i - 2 scrolls of random uselessness {unknown}
 l - 4 scrolls of remove curse {unknown}
 m - 4 scrolls of teleportation {unknown}
 n - a scroll of noise {unknown}
 r - a scroll of magic mapping {unknown}
 s - a scroll of blinking {unknown}
 t - a scroll of immolation {unknown}
 u - 2 scrolls of enchant weapon {unknown}
 v - a scroll of amnesia {unknown}
Potions
 b - 3 potions of berserk rage {unknown}
 c - a potion of cancellation {unknown}
 g - 2 potions of haste {unknown}
 o - 2 potions of brilliance {unknown}
 p - 2 potions of curing {unknown}
 x - a potion of stabbing {unknown}
 z - a potion of magic {unknown}
 B - a potion of ambrosia {unknown}
Comestibles
 f - 7 rations


   Skills:
 + Level 6.3 Fighting
 * Level 7.3 Long Blades
 - Level 3.2 Armour
 + Level 7.0 Shields
 + Level 2.2 Invocations


You had 7 spell levels left.
You didn't know any spells.
Your spell library was empty.

Dungeon Overview and Level Annotations

Branches:
Dungeon (6/15)
 Temple: D:4-7

Altars:
Cheibriados
Fedhas
Qazlal
Ru
Uskayaw
Zin


Innate Abilities, Weirdness & Mutations

You cannot be hasted, slowed, berserked, paralysed or teleported.
You can dig through walls and to a lower floor.
Your four strong arms can wield two-handed weapons with a shield.
You have a pair of large antennae on your head. (SInv)


Message History

You are feeling hungry.
You slash the orc warrior!
The orc warrior is almost dead.
You block the orc wizard's attack.
The orc warrior is engulfed in freezing vapours.
You kill the orc warrior!
Qazlal accepts your kill.
Your Shields skill increases to level 7!
Your Invocations skill increases to level 2!
The orc wizard casts a spell.
The orc wizard seems to speed up.
The orc throws a boomerang.
The boomerang hits you.
* * * LOW HITPOINT WARNING * * *
The weapon returns to the orc!
You block the orc priest's attack. The orc wizard casts a spell at you.
Your stasis prevents you from being slowed.
The orc hits you but does no damage.
The orc priest calls down the wrath of Beogh upon you.
Beogh smites you!
You die...

##.## #..#
####.#
#....##
#.....#
#...#.##
#..o...#
#.ooo..#.#
#.o@°o...#
#..§o.#..#
#..(o.#..#
#..%..# .+
......#
##.##+##
#) #.


You could see 2 orc priests, 3 orc wizards and 3 orcs.

Vanquished Creatures
  Grinder (D:4)
  Sigmund (D:4)
  An orc warrior (D:6)
  A phantom (D:4)
  A necrophage (D:5)
  Blork the orc (D:5)
  3 scorpions
  A crimson imp (D:5)
  2 hounds (D:4)
  An orc priest (D:5)
  Crazy Yiuf (D:4)
  4 orc wizards
  Robin (D:3)
  A gnoll (D:1)
  4 adders
  An ooze (D:2)
  An adder skeleton (D:4)
  6 worms
  3 dart slugs
  4 leopard geckos
  12 orcs
  2 ball pythons
  3 giant cockroaches
  13 goblins
  7 hobgoblins
  4 jackals (D:5)
  7 kobolds
  2 quokkas
  A ball python zombie (D:5)
  4 bats
  3 frilled lizards
  A jackal skeleton (D:5)
  A quokka zombie (D:5)
  8 rats
107 creatures vanquished.

Vanquished Creatures (others)
  A centaur (D:4)
1 creature vanquished.

Grand Total: 108 creatures vanquished

Notes
Turn   | Place    | Note
-------+----------+-------------------------------------------
     0 | D:1      | Nixze the Formicid Fighter began the quest for the Orb.
     0 | D:1      | Reached XP level 1. HP: 18/18 MP: 1/1
   241 | D:1      | Reached XP level 2. HP: 24/24 MP: 2/2
   503 | D:1      | Reached XP level 3. HP: 29/29 MP: 3/3
  1366 | D:2      | Reached XP level 4. HP: 22/37 MP: 4/4
  2167 | D:3      | Found a glowing silver altar of Zin.
  2237 | D:3      | Identified the +4 helmet of the Guild-Master {rElec rN+
                  | Str+3}
  2237 | D:3      | Noticed Robin
  2288 | D:3      | Killed Robin
  2288 | D:3      | Reached XP level 5. HP: 42/42 MP: 5/5
  3262 | D:4      | Reached XP level 6. HP: 46/49 MP: 6/6
  3368 | D:4      | Noticed Grinder
  3385 | D:4      | Killed Grinder
  3385 | D:4      | Reached skill level 5 in Long Blades
  3385 | D:4      | Reached skill level 5 in Shields
  3385 | D:4      | Reached XP level 7. HP: 21/55 MP: 7/7
  3578 | D:4      | Noticed a water elemental
  3580 | D:4      | Found a stormy altar of Qazlal.
  3582 | D:4      | Noticed a fire elemental
  3582 | D:4      | Noticed an air elemental
  3640 | D:4      | Became a worshipper of Qazlal Stormbringer
  3658 | D:4      | Found a blossoming altar of Fedhas.
  3662 | D:4      | Reached skill level 5 in Fighting
  3669 | D:4      | Noticed Sigmund
  3683 | D:4      | Killed Sigmund
  3693 | D:4      | Reached XP level 8. HP: 48/63 MP: 8/8
  3840 | D:4      | Noticed a +0 hand axe
  3840 | D:4      | Noticed a +0 dagger
  3843 | D:4      | Found a hide-covered altar of Uskayaw.
  4070 | D:4      | Found a sacrificial altar of Ru.
  4070 | D:4      | Found a snail-covered altar of Cheibriados.
  4168 | D:4      | Found a runed translucent door.
  4169 | D:4      | Noticed Crazy Yiuf
  4194 | D:4      | Killed Crazy Yiuf
  4334 | D:5      | Entered Level 5 of the Dungeon
  4530 | D:5      | Reached * piety under Qazlal
  4531 | D:5      | Reached skill level 1 in Invocations
  4736 | D:5      | Got a colourful robe
  4747 | D:5      | Identified the +3 robe of the Three Cities {rF+ rC+} (You
                  | found it on level 5 of the Dungeon)
  4836 | D:5      | Noticed Blork the orc
  4861 | D:5      | Killed Blork the orc
  5124 | D:6      | Killed from afar by an orc priest

Levels and vault maps discovered:
D:1:      dpeg_arrival_three_smaller_balls, layout_basic
D:2:      layout_rooms
D:3:      layout_basic, overflow_temple_1_default, first_ration, uniq_robin
D:4:      layout_rooms, dancing_weapons_uskayaw,
          nicolae_qazlal_style_of_elements, gammafunk_temple_overflow_wave,
          fedhas_bush_and_centaur_altar, uniq_crazy_yiuf_cottage, uniq_sigmund,
          uniq_grinder
D:5:      layout_rooms, uniq_blork_the_orc
D:6:      layout_basic, led_sif_book

Skill      XL: |  1  2  3  4  5  6  7  8 |
---------------+-------------------------+-----
Shields        | 4 5 6 7 |  7.0
Long Blades    | 3 4 5 6 7 |  7.3
Fighting       | 4 5 6 |  6.3
Invocations    | 2 |  2.2
Armour         | |  3.2

Action                   |  1- 3 |  4- 6 |  7- 9 || total
-------------------------+-------+-------+-------++-------
Melee: Long sword        |    81 |   210 |   235 ||   526
  Use: Potion            |       |       |     1 ||     1
  Eat: Chunk             |     1 |     7 |     6 ||    14
Armor: Scale mail        |    16 |       |       ||    16
       Chain mail        |    10 |    66 |    57 ||   133
Dodge: Dodged            |    10 |    16 |    24 ||    50
Block: Kite shield       |     6 |       |       ||     6
       Tower shield      |    63 |   205 |   219 ||   487
       Reflection        |     5 |     2 |     7 ||    14
       Rpst.: Long sword |     3 |     4 |     7 ||    14

Table legend:
 A = Non-vault XP
 B = Vault XP
 C = Vault XP percentage of total XP
 D = Non-vault monster count
 E = Vault monster count
 F = Vault count percentage of total count
                 A         B        C        D         E       F
            +---------+---------+-------+---------+---------+-------
      Total |    1150 |     768 |  40.0 |      91 |      17 |  15.7
            +---------+---------+-------+---------+---------+-------
        D:1 |      37 |       0 |   0.0 |      15 |       0 |   0.0
        D:2 |      63 |       0 |   0.0 |      19 |       0 |   0.0
        D:3 |     114 |      37 |  24.5 |      13 |      12 |  48.0
        D:4 |     306 |     640 |  67.7 |      16 |       4 |  20.0
        D:5 |     427 |      91 |  17.6 |      26 |       1 |   3.7
        D:6 |     203 |       0 |   0.0 |       2 |       0 |   0.0
            +---------+---------+-------+---------+---------+-------
